DSL
DSL CLEVELAND GUARDIANS @ DSL KANSAS CITY ROYALS
07/29/2041
 
TOP OF THE 1ST
DSL Cleveland Guardians batting - Pitching for DSL Kansas City Royals : RHP Joe Cust
Pitching: RHP Joe Cust
Batting: RHB Ismael Aguilar 0-0: Called Strike
0-1: DOUBLE (Flyball, 8LXD, EV 111.9 MPH)
Batting: RHB Norbert Rondinelli 0-0: Ball
1-0: Ball
2-0: Ball
3-0: Called Strike
3-1: Base on Balls
Batting: RHB Esteban Romo 0-0: Ball
1-0: Foul Ball, location: 23F
1-1: Foul Ball, location: 5FF
1-2: Ball
2-2: Foul Ball, location: 25F
2-2: Ball
3-2: Foul Ball, location: 2F
3-2: Foul Ball, location: 9LMF
3-2: Base on Balls
Ismael Aguilar to third
Norbert Rondinelli to second
Batting: RHB Luis Rodríguez 0-0: Ball
1-0: Foul Ball, location: 2F
1-1: Called Strike
1-2: Strikes out swinging
Batting: RHB Manny García 0-0: Ball
1-0: Called Strike
1-1: Called Strike
1-2: Foul Ball, location: 9LSF
1-2: Foul Ball, location: 7LSF
1-2: Ball
2-2: Fly out, F8 (Flyball, 8RM, EV 96.9 MPH)
Runner from 3rd tags up, SCORES, throw by CF
Batting: SHB Mario Gutiérrez 0-0: Ball
1-0: Called Strike
1-1: Ground out 4-3 (Groundball, 4S, EV 83.8 MPH)
Top of the 1st over - 1 run, 1 hit, 0 errors, 2 left on base; DSL Cleveland 1 - DSL Kansas City 0
BOTTOM OF THE 1ST
DSL Kansas City Royals batting - Pitching for DSL Cleveland Guardians : LHP Juan Vallejo
Pitching: LHP Juan Vallejo
Batting: RHB Pat Brown 0-0: Ball
1-0: Ball
2-0: Ball
3-0: Called Strike
3-1: Base on Balls
Batting: LHB Jeremy Greene 0-0: Bunt missed!
0-1: Bunted foul
0-2: SINGLE (Line Drive, 9S, EV 103.1 MPH)
Pat Brown to second
Batting: RHB António Romano 0-0: Foul Ball, location: 25F
0-1: Foul Ball, location: 5F
0-2: Ball
1-2: Fielders Choice at 2nd, 4-6 (Groundball, 34, EV 110.0 MPH)
Pat Brown to third
Batting: LHB António Martínez 0-0: Called Strike
0-1: Swinging Strike
0-2: Strikes out swinging
Batting: RHB Dave Stone 0-0: Called Strike
0-1: Ball
1-1: 3-RUN HOME RUN (Flyball, 7LD, EV 96.3 MPH), Distance : 356 ft
Batting: RHB José Varela 0-0: Foul Ball, location: 25FF
0-1: Called Strike
0-2: Foul Ball, location: 2F
0-2: Ball
1-2: Fly out, F9 (Line Drive, 9S, EV 107.5 MPH)
Bottom of the 1st over - 3 runs, 2 hits, 0 errors, 0 left on base; DSL Cleveland 1 - DSL Kansas City 3
TOP OF THE 2ND
DSL Cleveland Guardians batting - Pitching for DSL Kansas City Royals : RHP Joe Cust
Batting: RHB Luis Castillo 0-0: Ball
1-0: Foul Ball, location: 3F
1-1: Foul Ball, location: 5FF
1-2: Strikes out looking
Batting: RHB Juan Moreno 0-0: Called Strike
0-1: Ground out 5-3 (Groundball, 56, EV 84.4 MPH)
Batting: RHB Jim Montgomery 0-0: Ball
1-0: Foul Ball, location: 3F
1-1: Ball
2-1: Foul Ball, location: 9LSF
2-2: Ball
3-2: Base on Balls
Batting: RHB Ismael Aguilar 0-0: Ball
1-0: Ball
2-0: Called Strike
2-1: Swinging Strike
2-2: Strikes out looking
Top of the 2nd over - 0 runs, 0 hits, 0 errors, 1 left on base; DSL Cleveland 1 - DSL Kansas City 3
BOTTOM OF THE 2ND
DSL Kansas City Royals batting - Pitching for DSL Cleveland Guardians : LHP Juan Vallejo
Batting: RHB Jon Smith 0-0: Swinging Strike
0-1: Ball
1-1: Foul Ball, location: 2F
1-2: Foul Ball, location: 2F
1-2: Strikes out swinging
Batting: RHB Horace Daniel 0-0: Ball
1-0: Ball
2-0: Ball
3-0: Base on Balls
Batting: RHB Rod Dixon 0-0: Ball
1-0: Foul Ball, location: 5F
1-1: Fielders Choice at 2nd, 4-6 (Groundball, 4, EV 85.0 MPH)
Batting: RHB Pat Brown 0-0: Ball
1-0: DOUBLE (Line Drive, 3D, EV 106.9 MPH)
Rod Dixon to third
Runner from 3rd tries for Home, SAFE, throw by RF to trailing runner, SAFE at third!
Batting: LHB Jeremy Greene 0-0: Foul Ball, location: 2F
0-1: Swinging Strike
0-2: Strikes out looking
Bottom of the 2nd over - 1 run, 1 hit, 0 errors, 1 left on base; DSL Cleveland 1 - DSL Kansas City 4
TOP OF THE 3RD
DSL Cleveland Guardians batting - Pitching for DSL Kansas City Royals : RHP Joe Cust
Batting: RHB Norbert Rondinelli 0-0: Called Strike
0-1: Foul Ball, location: 9LSF
0-2: Foul Ball, location: 2F
0-2: DOUBLE (Line Drive, 7LM, EV 101.3 MPH)
Batting: RHB Esteban Romo 0-0: Hit by Pitch
Batting: RHB Luis Rodríguez 0-0: Grounds into double play, 6-4-3 (Groundball, 6, EV 108.1 MPH)
Norbert Rondinelli to third
Batting: RHB Manny García 0-0: Ball
1-0: Foul Ball, location: 9LSF
1-1: Swinging Strike
1-2: Strikes out swinging
Top of the 3rd over - 0 runs, 1 hit, 0 errors, 1 left on base; DSL Cleveland 1 - DSL Kansas City 4
BOTTOM OF THE 3RD
DSL Kansas City Royals batting - Pitching for DSL Cleveland Guardians : LHP Juan Vallejo
Batting: RHB António Romano 0-0: Ball
1-0: Called Strike
1-1: Swinging Strike
1-2: Ball
2-2: Ball
3-2: Strikes out looking
Batting: LHB António Martínez 0-0: Ground out 4-3 (Groundball, 4, EV 99.4 MPH)
Batting: RHB Dave Stone 0-0: Swinging Strike
0-1: Ball
1-1: Foul Ball, location: 5FF
1-2: Strikes out looking
Bottom of the 3rd over - 0 runs, 0 hits, 0 errors, 0 left on base; DSL Cleveland 1 - DSL Kansas City 4
TOP OF THE 4TH
DSL Cleveland Guardians batting - Pitching for DSL Kansas City Royals : RHP Joe Cust
Batting: SHB Mario Gutiérrez 0-0: Fly out, F7 (Flyball, 7S, EV 85.0 MPH)
Batting: RHB Luis Castillo 0-0: Ball
1-0: Ball
2-0: Ball
3-0: Called Strike
3-1: Swinging Strike
3-2: Base on Balls
Batting: RHB Juan Moreno 0-0: Ball
1-0: Fly out, F8 (Flyball, 78M, EV 93.1 MPH)
Batting: RHB Jim Montgomery 0-0: Ball
1-0: Ball
2-0: Foul Ball, location: 2F
2-1: Ball
Luis Castillo steals 2nd base
3-1: Foul Ball, location: 3F
3-2: Strikes out swinging
Top of the 4th over - 0 runs, 0 hits, 0 errors, 1 left on base; DSL Cleveland 1 - DSL Kansas City 4
BOTTOM OF THE 4TH
DSL Kansas City Royals batting - Pitching for DSL Cleveland Guardians : LHP Juan Vallejo
Batting: RHB José Varela 0-0: Called Strike
0-1: Ball
1-1: Foul Ball, location: 9LSF
1-2: Foul Ball, location: 9LMF
1-2: Ball
2-2: SOLO HOME RUN (Flyball, 7LD, EV 95.0 MPH), Distance : 347 ft
Pitching: RHP Manny Colón
Batting: RHB Jon Smith 0-0: Ball
1-0: Swinging Strike
1-1: Ball
2-1: Foul Ball, location: 5DF
2-2: Strikes out swinging
Batting: RHB Horace Daniel 0-0: Ball
1-0: Ball
2-0: Ball
3-0: Base on Balls
Batting: RHB Rod Dixon 0-0: Ball
1-0: DOUBLE (Flyball, 78D, EV 105.6 MPH)
Horace Daniel to third
Batting: RHB Pat Brown 0-0: Ball
1-0: Foul Ball, location: 5FF
1-1: Swinging Strike
1-2: Hit by Pitch
Batting: LHB Jeremy Greene 0-0: Swinging Strike
0-1: Foul Ball, location: 9LSF
0-2: SINGLE (Line Drive, 7S, EV 98.8 MPH)
Horace Daniel scores
Rod Dixon to third
Pat Brown to second
Batting: RHB António Romano 0-0: Swinging Strike
0-1: GRAND SLAM HOME RUN (Flyball, 7D, EV 102.5 MPH), Distance : 376 ft
Pitching: RHP Noboru Goto
Batting: LHB António Martínez 0-0: Ball
1-0: Foul Ball, location: 7LSF
1-1: Ball
2-1: Foul Ball, location: 25F
2-2: Hit by Pitch
Batting: RHB Dave Stone 0-0: Ball
1-0: Ball
2-0: Swinging Strike
2-1: Swinging Strike
2-2: Ball
3-2: Foul Ball, location: 2F
3-2: Base on Balls
António Martínez to second
Batting: RHB José Varela 0-0: Ball
1-0: Ball
2-0: Ball
3-0: Base on Balls
António Martínez to third
Dave Stone to second
Batting: RHB Jon Smith 0-0: Swinging Strike
0-1: Swinging Strike
0-2: Strikes out swinging
Batting: RHB Horace Daniel 0-0: Called Strike
0-1: Ball
1-1: Called Strike
1-2: Ball
2-2: Strikes out swinging
Bottom of the 4th over - 6 runs, 4 hits, 0 errors, 3 left on base; DSL Cleveland 1 - DSL Kansas City 10
TOP OF THE 5TH
DSL Cleveland Guardians batting - Pitching for DSL Kansas City Royals : RHP Joe Cust
Batting: RHB Ismael Aguilar 0-0: Ball
1-0: Ground out 6-3 (Groundball, P, EV 87.5 MPH)
Batting: RHB Norbert Rondinelli 0-0: Ball
1-0: Ground out 5-3 (Groundball, 56, EV 93.8 MPH)
Batting: RHB Esteban Romo 0-0: Ball
1-0: Foul Ball, location: 2F
1-1: Foul Ball, location: 2LF
1-2: Foul Ball, location: 23F
1-2: Strikes out swinging
Top of the 5th over - 0 runs, 0 hits, 0 errors, 0 left on base; DSL Cleveland 1 - DSL Kansas City 10
BOTTOM OF THE 5TH
DSL Kansas City Royals batting - Pitching for DSL Cleveland Guardians : RHP Noboru Goto
Batting: RHB Rod Dixon 0-0: Foul Ball, location: 7LMF
0-1: Foul Ball, location: 9LMF
0-2: Strikes out looking
Batting: RHB Pat Brown 0-0: Called Strike
0-1: Swinging Strike
0-2: Ball
1-2: Ball
2-2: Strikes out swinging
Batting: LHB Jeremy Greene 0-0: Ball
1-0: Ground out 6-3 (Groundball, 6, EV 96.9 MPH)
Bottom of the 5th over - 0 runs, 0 hits, 0 errors, 0 left on base; DSL Cleveland 1 - DSL Kansas City 10
TOP OF THE 6TH
DSL Cleveland Guardians batting - Pitching for DSL Kansas City Royals : RHP Joe Cust
Batting: RHB Luis Rodríguez 0-0: Ball
1-0: Ball
2-0: SOLO HOME RUN (Flyball, 7D, EV 95.0 MPH), Distance : 378 ft
Batting: RHB Manny García 0-0: Ball
1-0: Foul Ball, location: 3F
1-1: Ball
2-1: Swinging Strike
2-2: Foul Ball, location: 2F
2-2: Strikes out swinging
Pitching: LHP Andrea Savelli
Batting: SHB Mario Gutiérrez 0-0: Ball
1-0: Ball
2-0: Ball
3-0: Called Strike
3-1: SINGLE (Groundball, 34D, EV 106.9 MPH)
Batting: RHB Luis Castillo 0-0: Foul Ball, location: 5F
0-1: Called Strike
0-2: Ball
1-2: SINGLE (Line Drive, 8LS, EV 100.6 MPH)
Mario Gutiérrez to second
Batting: RHB Juan Moreno 0-0: Fly out, F8 (Flyball, 8LD, EV 106.9 MPH)
Batting: RHB Jim Montgomery 0-0: Swinging Strike
0-1: Ball
1-1: Ball
2-1: 3-RUN HOME RUN (Line Drive, 9LD, EV 91.9 MPH), Distance : 340 ft
Batting: RHB Ismael Aguilar 0-0: Swinging Strike
0-1: Foul Ball, location: 9LSF
0-2: Ball
1-2: Strikes out swinging
Top of the 6th over - 4 runs, 4 hits, 0 errors, 0 left on base; DSL Cleveland 5 - DSL Kansas City 10
BOTTOM OF THE 6TH
DSL Kansas City Royals batting - Pitching for DSL Cleveland Guardians : RHP Noboru Goto
Batting: RHB António Romano 0-0: Foul Ball, location: 2F
0-1: Foul Ball, location: 3SF
0-2: Strikes out swinging
Batting: LHB António Martínez 0-0: Ball
1-0: Ball
2-0: Ball
3-0: Called Strike
3-1: Base on Balls
Batting: RHB Dave Stone 0-0: Called Strike
0-1: Grounds into double play, 5-4-3 (Groundball, 5, EV 110.0 MPH)
Bottom of the 6th over - 0 runs, 0 hits, 0 errors, 0 left on base; DSL Cleveland 5 - DSL Kansas City 10
TOP OF THE 7TH
DSL Cleveland Guardians batting - Pitching for DSL Kansas City Royals : LHP Andrea Savelli
Batting: RHB Norbert Rondinelli 0-0: Called Strike
0-1: DOUBLE (Line Drive, 9LM, EV 106.9 MPH)
Batting: RHB Esteban Romo 0-0: Called Strike
0-1: Ball
1-1: Ball
2-1: Swinging Strike
2-2: Strikes out looking
Batting: RHB Luis Rodríguez 0-0: Ball
1-0: Ball
2-0: Foul Ball, location: 2F
2-1: Foul Ball, location: 23F
2-2: Foul Ball, location: 2F
2-2: Foul Ball, location: 3SF
2-2: Strikes out swinging
Batting: RHB Manny García 0-0: Called Strike
0-1: Ball
1-1: Called Strike
1-2: Strikes out swinging
Top of the 7th over - 0 runs, 1 hit, 0 errors, 1 left on base; DSL Cleveland 5 - DSL Kansas City 10
BOTTOM OF THE 7TH
DSL Kansas City Royals batting - Pitching for DSL Cleveland Guardians : RHP Noboru Goto
Batting: RHB José Varela 0-0: Ball
1-0: Ball
2-0: Ball
3-0: Called Strike
3-1: Base on Balls
Batting: RHB Jon Smith 0-0: Called Strike
0-1: Fielders Choice at 2nd, 2-4 (Groundball, 15S, EV 61.3 MPH)
Batting: RHB Horace Daniel 0-0: Foul Ball, location: 9LDF
0-1: Ball
1-1: Foul Ball, location: 2F
1-2: Ball
2-2: Ball
3-2: Strikes out looking
Batting: RHB Rod Dixon 0-0: Ball
1-0: Called Strike
1-1: Ball
2-1: Ball
3-1: Base on Balls
Jon Smith to second
Batting: RHB Pat Brown 0-0: Ball
1-0: Swinging Strike
1-1: Called Strike
1-2: Ball
2-2: Strikes out swinging
Bottom of the 7th over - 0 runs, 0 hits, 0 errors, 2 left on base; DSL Cleveland 5 - DSL Kansas City 10
TOP OF THE 8TH
DSL Cleveland Guardians batting - Pitching for DSL Kansas City Royals : LHP Andrea Savelli
Batting: SHB Mario Gutiérrez 0-0: Called Strike
0-1: Foul Ball, location: 23FF
0-2: Ball
1-2: Ball
2-2: Ball
3-2: Base on Balls
Batting: RHB Luis Castillo 0-0: Ball
1-0: Grounds into double play, 5-4-3 (Groundball, 56S, EV 78.8 MPH)
Batting: RHB Juan Moreno 0-0: Ball
1-0: Ground out 6-3 (Groundball, 56, EV 81.3 MPH)
Top of the 8th over - 0 runs, 0 hits, 0 errors, 0 left on base; DSL Cleveland 5 - DSL Kansas City 10
BOTTOM OF THE 8TH
DSL Kansas City Royals batting - Pitching for DSL Cleveland Guardians : RHP Noboru Goto
Batting: LHB Jeremy Greene 0-0: Called Strike
0-1: Ball
1-1: Foul Ball, location: 2F
1-2: Foul Ball, location: 2F
1-2: Ball
2-2: Strikes out swinging
Batting: RHB António Romano 0-0: Ball
1-0: DOUBLE (Line Drive, 3D, EV 95.6 MPH)
Pitching: LHP José Juárez
Batting: LHB António Martínez 0-0: Swinging Strike
0-1: Ball
1-1: Ball
2-1: Foul Ball, location: 2F
2-2: Foul Ball, location: 5F
2-2: Foul Ball, location: 2F
2-2: SINGLE (Flyball, 8RS, EV 98.8 MPH)
António Romano to third
Batting: RHB Dave Stone 0-0: Called Strike
0-1: Swinging Strike
0-2: Ball
1-2: Ball
2-2: Strikes out swinging
Batting: RHB José Varela 0-0: Ball
1-0: Swinging Strike
1-1: Ball
2-1: Called Strike
2-2: Ball
3-2: Strikes out swinging
Bottom of the 8th over - 0 runs, 2 hits, 0 errors, 2 left on base; DSL Cleveland 5 - DSL Kansas City 10
TOP OF THE 9TH
DSL Cleveland Guardians batting - Pitching for DSL Kansas City Royals : LHP Andrea Savelli
Batting: RHB Jim Montgomery 0-0: Foul Ball, location: 5FF
0-1: Swinging Strike
0-2: Strikes out swinging
Batting: RHB Ismael Aguilar 0-0: Called Strike
0-1: Foul Ball, location: 2F
0-2: Ball
1-2: Ball
2-2: Ball
3-2: Foul Ball, location: 7LMF
3-2: Ground out 2-3 (Groundball, 15S, EV 67.5 MPH)
Batting: RHB Norbert Rondinelli 0-0: Called Strike
0-1: Swinging Strike
0-2: Ball
1-2: Ball
2-2: Ball
3-2: Base on Balls
Batting: RHB Esteban Romo 0-0: SINGLE (Groundball, 34, EV 104.4 MPH) (infield hit)
Norbert Rondinelli to second
Pitching: RHP José Ortega
Batting: RHB Luis Rodríguez 0-0: Ball
1-0: Ball
2-0: Ball
3-0: Base on Balls
Norbert Rondinelli to third
Esteban Romo to second
Batting: LHB Alfredo Herrera 0-0: Ground out 4-3 (Groundball, 4, EV 103.8 MPH)
Top of the 9th over - 0 runs, 1 hit, 0 errors, 3 left on base; DSL Cleveland 5 - DSL Kansas City 10
Wednesday, April 3rd , 2024 - OOTP Baseball 24.10 Build 82